 Dungeon Crawl Stone Soup version 0.22-a0-274-gf8199ec (webtiles) character file.

109 Amnesiac the Magician (level 4, -2/30 HPs)
             Began as a Mummy Wizard on Mar 13, 2018.
             Slain by a gnoll
             ... wielding a +0 halberd
              (6 damage)
             ... on level 3 of the Dungeon.
             The game lasted 00:03:41 (2596 turns).

Amnesiac the Magician (Mummy Wizard)                Turns: 2596, Time: 00:03:42

Health: -2/30      AC:  3    Str: 10    XL:     4   Next: 59%
Magic:  1/10       EV: 11    Int: 18    God:
Gold:   79         SH:  4    Dex: 10    Spells: 2/11 levels left

rFire    x . .     SeeInvis .   a - +0 hunting sling
rCold    + . .     Gourm    .   o - +0 buckler
rNeg     + + +     Faith    .   h - +0 robe
rPois    ∞         Spirit   .   m - +0 hat
rElec    .         Reflect  .   (no cloak)
rCorr    .         Harm     .   (no gloves)
MR       .....                  e - +0 pair of boots
Stlth    ++........             (no amulet)
HPRegen  0.10/turn              (no ring)
MPRegen  0.12/turn              (no ring)

@: very slightly contaminated
A: no food or potions, fire vulnerability, cold resistance 1, negative energy
resistance 3, torment resistance, unbreathing
a: no special abilities


You were on level 3 of the Dungeon.
You were not hungry.

You visited 1 branch of the dungeon, and saw 3 of its levels.

You collected 79 gold pieces.

Inventory:

Hand Weapons
 a - a +0 hunting sling (weapon)
 b - a +0 dagger of venom
Missiles
 c - 109 stones
 g - 4 needles of frenzy
 n - 11 sling bullets (quivered)
Armour
 e - a +0 pair of boots (worn)
 h - a +0 robe (worn)
 m - a +0 hat (worn)
 o - a +0 buckler (worn)
Scrolls
 d - a scroll of teleportation {!r, unknown}
 f - a scroll of blinking {!r, unknown}
 i - a scroll of enchant weapon {!r, unknown}
 j - a scroll of fear {!r, unknown}
 k - 3 scrolls of remove curse {!r}
 l - 3 scrolls of identify {!r, unknown}


   Skills:
 - Level 1.5 Dodging
 - Level 1.5 Stealth
 + Level 2.7 Shields
 - Level 4.0 Spellcasting
 - Level 2.2 Conjurations
 - Level 0.7 Summonings
   Level 0.7 Translocations


You had 2 spell levels left.
You knew the following spells:

 Your Spells              Type           Power        Failure   Level  Hunger
a - Magic Dart            Conj           ##..         7%          1    N/A
b - Call Imp              Summ           #.......     19%         2    N/A
e - Mephitic Cloud        Conj/Pois/Air  #.......     36%         3    N/A
s - Conjure Flame         Conj/Fire      #.......     32%         3    N/A

Dungeon Overview and Level Annotations

Branches:
Dungeon (3/15)

Altars:


Innate Abilities, Weirdness & Mutations

You do not eat or drink.
Your flesh is vulnerable to fire.
You are immune to poison.
Your flesh is cold resistant. (rC+)
You are immune to negative energy. (rN+++)
You are immune to unholy pain and torment.
You can survive without breathing.


Message History

The stone closely misses the rat.
The jackal bites you.
* * * LOW HITPOINT WARNING * * *
You are too injured to fight recklessly!
You are too injured to fight recklessly!
You are too injured to fight recklessly!
You are too injured to fight recklessly!
Firing (i - inventory. (/) - cycle)
c - 110 stones (quivered)
Press: ? - help, Shift-Dir - straight line, f/p - jackal
Aim: a jackal You shoot a stone.
The stone completely misses the jackal.
The stone barely misses the rat.
The jackal barely misses you.
The jackal bites you but does no damage.
The rat twitches its whiskers.
Casting: Mephitic Cloud (slightly dangerous; 36% risk of failure)
Confirm with . or Enter, or press ? or * to list all spells.
Aiming: Mephitic Cloud (slightly dangerous; 36% risk of failure)
Press: ? - help, Shift-Dir - straight line, f/p - jackal
Aim: a jackal You miscast Mephitic Cloud.
Your skin tingles.
The jackal closely misses you.
Firing (i - inventory. (/) - cycle)
c - 109 stones (quivered)
Press: ? - help, Shift-Dir - straight line, f/p - jackal
Aim: a jackal
Okay, then.
Quiver which item? (- for none, * to show all) (? for menu, Esc to quit)
Quivering
n - 16 sling bullets for slings.
Firing (i - inventory. (/) - cycle)
n - 16 sling bullets (quivered)
Press: ? - help, Shift-Dir - straight line, f - gnoll, p - jackal
Aim: a gnoll, wielding a halberd (lightly wounded, confused)
You shoot a sling bullet. The sling bullet hits the gnoll.
The gnoll is moderately wounded.
The jackal bites you.
* * * LOW HITPOINT WARNING * * *
The jackal bites you.
* * * LOW HITPOINT WARNING * * *
The rat twitches its whiskers.
Firing (i - inventory. (/) - cycle)
n - 15 sling bullets (quivered)
Press: ? - help, Shift-Dir - straight line, f/p - gnoll
Aim: a gnoll, wielding a halberd (moderately wounded, confused)
You shoot a sling bullet.
The sling bullet barely misses the gnoll.
The jackal completely misses you. The jackal closely misses you.
Unknown command.
Firing (i - inventory. (/) - cycle)
n - 14 sling bullets (quivered)
Press: ? - help, Shift-Dir - straight line, f/p - gnoll
Aim: a gnoll, wielding a halberd (moderately wounded, confused)
You shoot a sling bullet. The sling bullet hits the gnoll.
The gnoll is heavily wounded.
The jackal bites you.
* * * LOW HITPOINT WARNING * * *
The gnoll closely misses you.
The jackal bites you but does no damage.
Firing (i - inventory. (/) - cycle)
n - 13 sling bullets (quivered)
Press: ? - help, Shift-Dir - straight line, f/p - gnoll
Aim: a gnoll, wielding a halberd (heavily wounded, confused)
You shoot a sling bullet.
The sling bullet barely misses the gnoll.
You block the jackal's attack. The gnoll closely misses you.
Firing (i - inventory. (/) - cycle)
n - 12 sling bullets (quivered)
Press: ? - help, Shift-Dir - straight line, f/p - gnoll
Aim: a gnoll, wielding a halberd (heavily wounded, confused)
You shoot a sling bullet.
The sling bullet barely misses the gnoll.
The jackal barely misses you. The gnoll hits you with a halberd.
You die...

####+###.#...........#
#........#########.#.#
#........# #.# ###
#...)....#########.#.....
####'###......÷.......#
#.............#.....(..
#####.###########.####.#.$.
###.....###########(####.....
'!'.....'(.....g@hr(>..(....
###.....###########..##......
#.....# #..# .... #######
#########..## ........!...#
########..#.#
#####...#.#.##.# #
+...'...'....#.#.##
#####...#...##.#...


You could see a gnoll (confused), a jackal and a rat.

Vanquished Creatures
  An orc wizard (D:3)
  2 gnolls (D:3)
  2 worms (D:3)
  A dart slug (D:3)
  2 leopard geckos
  7 orcs
  7 bats
  2 giant cockroaches (D:2)
  2 goblins
  5 hobgoblins
  7 jackals
  2 frilled lizards
  5 kobolds
  6 rats
51 creatures vanquished.

Notes
Turn   | Place    | Note
-------+----------+-------------------------------------------
     0 | D:1      | Amnesiac the Mummy Wizard began the quest for the Orb.
     0 | D:1      | Reached XP level 1. HP: 13/13 MP: 5/5
    61 | D:1      | Reached skill level 1 in Conjurations
   286 | D:1      | Reached XP level 2. HP: 12/19 MP: 7/7
   349 | D:1      | Learned a level 2 spell: Call Imp
  1737 | D:3      | Reached XP level 3. HP: 20/24 MP: 8/8
  1742 | D:3      | Learned a level 3 spell: Mephitic Cloud
  1746 | D:3      | Learned a level 3 spell: Conjure Flame
  1832 | D:3      | Reached skill level 1 in Shields
  2063 | D:3      | Reached XP level 4. HP: 24/30 MP: 6/10
  2596 | D:3      | Slain by a gnoll

Vault maps used:
D:1:      co_arrival_square_in_a_square_in_a_square
D:3:      st_stairs_11, uniq_sigmund

Skill      XL: |  1  2  3 |
---------------+----------+-----
Conjurations   | 1 2 |  2.2
Shields        | 2 |  2.7
Dodging        | |  1.5
Stealth        | |  1.5
Spellcasting   | |  4.0
Summonings     | |  0.7
Translocations | |  0.7

Action                   |  1- 3 |  4- 6 || total
-------------------------+-------+-------++-------
Melee: Unarmed           |    25 |       ||    25
 Fire: Hunting sling     |   148 |    75 ||   223
 Cast: Magic Dart        |     7 |       ||     7
       Mephitic Cloud    |     1 |     2 ||     3
  Use: Scroll            |     1 |       ||     1
Armor: Robe              |    50 |     5 ||    55
Dodge: Dodged            |   101 |    32 ||   133
Block: Buckler           |     7 |     8 ||    15

Table legend:
 A = Spawn XP
 B = Non-spawn XP
 C = Spawn XP percentage of total XP
 D = Spawn monster count
 E = Non-spawn monster count
 F = Spawn count percentage of total count
 G = Total turns spent on level
                    A         B        C        D         E        F      G
               +---------+---------+-------+---------+---------+-------+---------
         Total |       0 |     156 |   0.0 |       0 |      51 |   0.0 |  2596
               +---------+---------+-------+---------+---------+-------+---------
           D:1 |       0 |      15 |   0.0 |       0 |      10 |   0.0 |   708
           D:2 |       0 |      24 |   0.0 |       0 |      13 |   0.0 |  1017
           D:3 |       0 |     117 |   0.0 |       0 |      28 |   0.0 |   871
               +---------+---------+-------+---------+---------+-------+---------
